 Dungeon Crawl Stone Soup version 0.28.0-43-g3370ac3207 (webtiles) character file.

Game seed: 5765081377655547463

60 issech the Cudgeller (level 3, -3/36 HPs)
             Began as a Troll Monk on Mar 23, 2022.
             Slain by Terence
             ... wielding a +0 falchion
              (5 damage)
             ... on level 2 of the Dungeon.
             The game lasted 00:04:19 (1261 turns).

issech the Cudgeller (Troll Monk)                   Turns: 1261, Time: 00:04:20

Health: -3/36      AC:  6    Str: 19    XL:     3   Next: 80%
Magic:  2/2        EV: 10    Int:  6    God:
Gold:   5          SH:  0    Dex: 14    Spells: 2/2 levels left

rFire   . . .      SeeInvis .   a - +0 mace
rCold   . . .      Faith    .   (no shield)
rNeg    . . .      Spirit   .   n - +2 animal skin
rPois   .          Reflect  .   (helmet restricted)
rElec   .          Harm     .   (no cloak)
rCorr   .          Rampage  .   (gloves unavailable)
Will    .....                   (boots unavailable)
Stlth   ++........              (no amulet)
HPRegen 0.92/turn               (no ring)
MPRegen 0.08/turn               (no ring)

@: no status effects
A: large, unfitting armour, claws 3, regeneration 1, shaggy fur 1, tough skin 1
a: no special abilities


You were on level 2 of the Dungeon.
You visited 1 branch of the dungeon, and saw 2 of its levels.

You collected 5 gold pieces.

Inventory:

Hand Weapons
 a - a +0 mace (weapon)
 l - a +1 dagger of protection
 m - a +3 dagger
Missiles
 c - 132 stones (quivered)
 e - 14 bolts
 k - 4 poisoned darts
Armour
 n - a +2 animal skin (worn)
Magical Staves
 f - a staff of conjuration
 i - a staff of cold
Scrolls
 d - a scroll of torment {unknown}
 h - a scroll of teleportation {unknown}
 o - a scroll of magic mapping {unknown}
 p - a scroll of amnesia {unknown}
Potions
 b - a potion of brilliance {unknown}
 g - a potion of haste
 j - 2 potions of lignification {unknown}


   Skills:
 + Level 2.8 Fighting
 + Level 3.5 Maces & Flails
 + Level 2.8 Dodging
 + Level 1.1 Stealth


You had 2 spell levels left.
You didn't know any spells.
Your spell library contained the following spells:

 Spells                   Type           Power      Damage    Failure   Level
 Slow                     Hex            0%         N/A       45%         1
 Confusing Touch          Hex            0%         N/A       83%         3
 Vampiric Draining        Necr           0%         2d6       83%         3


Dungeon Overview and Level Annotations

Branches:
Dungeon (2/15)

Altars:

Annotations:
D:2 Terence


Innate Abilities, Weirdness & Mutations

You are too large for most types of armour.
You have claws for hands.
Your natural rate of healing is unusually fast.
You are covered in fur. (AC +1)
You have tough skin. (AC +1)


Message History

You hit Terence but do no damage.
Terence is heavily wounded.
Terence asks, "Do you want it fast or slow?"
Terence hits you but does no damage. Terence barely misses you.
You closely miss Terence.
Terence is heavily wounded.
The adder hisses angrily.
Terence closely misses you. Terence hits you with a +0 falchion.
You barely miss Terence.
Terence is heavily wounded.
Terence hits you with a +0 falchion.
You hit Terence.
Terence is severely wounded.
Terence hits you with a +0 falchion. Terence hits you but does no damage.
You barely miss Terence.
Terence is severely wounded.
Terence hits you with a +0 falchion. Terence barely misses you.
You hit Terence.
Terence is severely wounded.
Terence hits you with a +0 falchion. Terence hits you but does no damage.
You hit Terence but do no damage.
Terence is severely wounded.
Terence closely misses you. Terence barely misses you.
You closely miss Terence.
Terence is severely wounded.
Terence misses you. Terence hits you with a +0 falchion.
You hit Terence.
Terence is almost dead.
Terence completely misses you.
You barely miss Terence.
Terence is almost dead.
Terence barely misses you. Terence hits you with a +0 falchion.
You barely miss Terence.
Terence is almost dead.
Terence hits you with a +0 falchion.
* * * LOW HITPOINT WARNING * * *
Terence hits you with a +0 falchion!
* * * LOW HITPOINT WARNING * * *
Terence hits you with a +0 falchion.
You die...

..... #....###.####
#.....# ####.....# #.
#.....# #..######)
##############........)
#....)....##.#####
#.##########....# #.#
#.##.# #.# #.# .. #@###
..# . #>@S# ####
###...# ##....# ..#..#
#.# ... .. .. .>. .
####


You could see Terence (fast) and an adder.

Vanquished Creatures
  Robin (D:2)
  2 adders (D:2)
  A dart slug (D:1)
  3 ball pythons
  4 endoplasms (D:1)
  A giant cockroach (D:1)
  7 goblins
  A hobgoblin (D:1)
  A quokka (D:1)
  A bat (D:1)
  A frilled lizard (D:1)
  3 kobolds
  2 rats (D:1)
28 creatures vanquished.

Notes
Turn   | Place    | Note
-------+----------+-------------------------------------------
     0 | D:1      | issech the Troll Monk began the quest for the Orb.
     0 | D:1      | Reached XP level 1. HP: 22/22 MP: 0/0
   218 | D:1      | Reached skill level 3 in Maces & Flails
   224 | D:1      | Reached XP level 2. HP: 29/29 MP: 1/1
   561 | D:1      | Found a faded altar of an unknown god.
   903 | D:2      | Noticed Robin
   913 | D:2      | Reached XP level 3. HP: 12/36 MP: 2/2
   985 | D:2      | Killed Robin
  1239 | D:2      | Noticed Terence
  1260 | D:2      | HP: 1/36 [Terence/+0 falchion (9)]
  1261 | D:2      | Slain by Terence

Illustrated notes

Levels and vault maps discovered:
D:1:      dpeg_arrival_lava_temple_mockup, layout_loops_ring,
          hellmonk_ecumenical_altar_crossroads, chequers_serial_rivers_micro_e
D:2:      layout_rooms, uniq_terence, uniq_robin

Skill      XL: |  1 |
---------------+----+-----
Maces & Flails | 3 |  3.5
Fighting       | |  2.8
Dodging        | |  2.8
Stealth        | |  1.1

Action                   || total
-------------------------++-------
Melee: Mace              ||   103
       Punch             ||     1
 Stab: Sleeping          ||     2
Armor: Robe              ||    50
       Animal skin       ||     6
Dodge: Dodged            ||    96
